Map: Ruins of Seras

Players

WPZyesno - Winner!

  • Race: Protoss Protoss
  • League: Master

MCanning

  • Race: Protoss Protoss
  • League: Grandmaster

VOD

Have the link to the VOD?

Description

Time

  • Played on: Dec. 3, 2015, 1:25 a.m.
  • Length: 9:48
Show
View Real Time Build Order
Export as new Build Order

WPZyesno Protoss - Winner!

Build Orders: 1 Gate Expand, Blink Stalkers 

Get SALT Encoding   

  12  0:01  Probe (Chrono Boost)  
  13  0:11  Probe (Chrono Boost)  
  14  0:19  Pylon  
  14  0:22  Probe (Chrono Boost)  
  15  0:37  Probe (Chrono Boost)  
  16  0:43  Gateway  
  16  0:48  Probe (Chrono Boost)  
  17  0:58  Probe (Chrono Boost)  
  18  1:13  Nexus  
  18  1:17  Probe (Chrono Boost)  
  19  1:22  Assimilator  
  19  1:27  Assimilator  
  19  1:30  Probe (Chrono Boost)  
  20  1:39  Cybernetics Core  
  20  1:41  Probe (Chrono Boost)  
  21  1:52  Probe (Chrono Boost)  
  22  1:55  Pylon  
  22  2:02  Probe (Chrono Boost)  
  23  2:13  Probe (Chrono Boost)  
  24  2:16  Adept (Chrono Boost), Warp Gate  
  26  2:24  Probe  
  26  2:25  Mothership Core  
  29  2:35  Probe  
  30  2:40  Stalker (Chrono Boost)  
  32  2:46  Probe  
  32  2:51  Probe  
  33  2:52  Twilight Council  
  35  2:58  Probe  
  35  3:03  Pylon  
  35  3:09  Stalker (Chrono Boost)  
  35  3:11  Probe  
  35  3:12  Probe  
  39  3:23  Probe x2  
  41  3:29  Blink (Chrono Boost)  
  41  3:34  Probe  
  41  3:35  Probe  
  41  3:37  Stalker  
  45  3:44  Probe  
  46  3:52  Probe  
  46  3:53  Gateway  
  46  3:54  Gateway  
  47  3:56  Probe  
  48  4:02  Pylon  
  48  4:05  Probe  
  48  4:07  Probe  
  48  4:09  Assimilator  
  50  4:13  Assimilator  
  50  4:18  Probe  
  50  4:19  Probe  
  50  4:20  Robotics Facility  
  52  4:27  Pylon  
  52  4:30  Stalker, Probe x2  
  56  4:42  Probe x2  
  58  4:50  Stalker x2  
  62  4:53  Stalker  
  65  5:01  Gateway, Pylon  
  65  5:04  Gateway  
  64  5:07  Gateway  
  64  5:09  Observer (Chrono Boost)  
  65  5:15  Gateway  
  65  5:18  Pylon  
  65  5:24  Stalker x2  
  69  5:31  Warp Prism (Chrono Boost)  
  71  5:37  Pylon  
  71  5:38  Stalker  
  73  5:43  Probe  
  67  5:58  Stalker x2  
  67  6:05  Stalker  
  67  6:10  Stalker x2  
  73  6:20  Stalker  
  73  6:24  Stalker x2  
  79  6:26  Pylon  
  79  6:31  Pylon  
  79  6:33  Pylon  
  79  6:41  Pylon  
  79  6:44  Stalker  
  79  6:45  Immortal (Chrono Boost)  
  85  6:50  Stalker x3  
  91  6:59  Adept x3  
  97  7:10  Stalker  
  97  7:12  Probe  
  97  7:14  Pylon  
  97  7:15  Stalker  
  102  7:37  Stalker x5  
  102  7:38  Stalker  
  102  7:41  Pylon  
  112  7:55  Nexus  
  112  7:59  Observer (Chrono Boost)  
  113  8:16  Stalker x5  
  117  8:30  Pylon  
  117  8:34  Robotics Bay  
  116  8:51  Stalker x4  
  116  8:53  Stalker  
  126  8:56  Probe  
  126  8:57  Probe  
  128  9:09  Probe  
  129  9:16  Stalker  
  129  9:17  Stalker x3  
  131  9:18  Probe x2  
  131  9:21  Probe  
  98  9:46  Stalker x2  
  98  9:47  Stalker x4  
Show
View Real Time Build Order
Export as new Build Order

MCanning Protoss 

Build Orders: 1 Gate Expand, Blink Stalkers 

Get SALT Encoding   

  12  0:01  Probe (Chrono Boost)  
  13  0:12  Probe (Chrono Boost)  
  14  0:19  Pylon  
  14  0:22  Probe (Chrono Boost)  
  15  0:37  Probe (Chrono Boost)  
  15  0:39  Gateway  
  16  0:48  Probe (Chrono Boost)  
  16  0:49  Assimilator  
  17  0:58  Probe (Chrono Boost)  
  18  1:09  Probe (Chrono Boost)  
  19  1:23  Nexus  
  19  1:27  Probe (Chrono Boost)  
  20  1:38  Cybernetics Core  
  20  1:43  Assimilator  
  21  1:47  Probe (Chrono Boost)  
  21  1:57  Probe (Chrono Boost)  
  21  2:00  Pylon  
  22  2:08  Probe (Chrono Boost)  
  23  2:19  Mothership Core (Chrono Boost)  
  25  2:23  Adept  
  27  2:30  Warp Gate  
  27  2:35  Probe (Chrono Boost)  
  28  2:37  Probe (Chrono Boost)  
  29  2:46  Probe (Chrono Boost)  
  29  2:48  Probe (Chrono Boost)  
  29  2:49  Twilight Council  
  31  2:56  Probe (Chrono Boost)  
  31  2:57  Stalker  
  35  2:58  Probe (Chrono Boost)  
  35  3:07  Probe (Chrono Boost)  
  35  3:09  Probe (Chrono Boost)  
  37  3:17  Probe (Chrono Boost)  
  37  3:19  Probe (Chrono Boost)  
  39  3:26  Blink (Chrono Boost)  
  39  3:27  Probe (Chrono Boost)  
  39  3:30  Probe (Chrono Boost)  
  39  3:31  Pylon  
  41  3:37  Probe  
  42  3:42  Probe  
  42  3:47  Probe  
  43  3:54  Gateway, Probe  
  43  3:55  Gateway  
  45  3:58  Probe  
  46  4:03  Robotics Facility  
  46  4:06  Probe  
  47  4:14  Gateway  
  47  4:16  Gateway  
  47  4:17  Gateway  
  47  4:24  Gateway  
  47  4:27  Pylon  
  47  4:35  Stalker  
  49  4:45  Pylon  
  49  4:46  Gateway  
  49  4:50  Observer (Chrono Boost)  
  50  4:53  Stalker x2  
  54  5:00  Assimilator  
  54  5:05  Stalker  
  56  5:08  Probe x2  
  56  5:11  Assimilator  
  56  5:12  Stalker  
  56  5:13  Stalker x2, Pylon  
  64  5:19  Stalker  
  66  5:22  Stalker  
  66  5:27  Stalker  
  70  5:31  Probe x2  
  70  5:34  Pylon  
  72  5:41  Stalker  
  72  5:42  Stalker  
  76  5:46  Stalker  
  74  6:04  Stalker x4  
  82  6:11  Pylon  
  80  6:30  Stalker  
  80  6:31  Stalker x4  
  86  6:37  Forge  
  86  6:39  Probe  
  87  6:53  Nexus  
  87  6:54  Pylon  
  87  6:59  Robotics Bay  
  87  7:04  Probe  
  87  7:06  Probe, Pylon  
  89  7:12  Pylon  
  89  7:16  Probe  
  89  7:18  Probe  
  89  7:21  Immortal (Chrono Boost)  
  95  7:23  Protoss Ground Weapons Level 1 (Chrono Boost)  
  87  7:38  Stalker x2  
  87  7:41  Probe  
  91  7:52  Probe  
  91  7:53  Probe  
  91  7:55  Disruptor (Chrono Boost)  
  96  8:00  Stalker  
  96  8:04  Probe  
  99  8:06  Zealot  
  99  8:16  Probe  
  99  8:18  Adept x2  
  104  8:20  Probe  
  104  8:21  Disruptor  
  104  8:22  Probe  
  109  8:33  Photon Cannon  
  109  8:40  Probe  
  110  8:43  Probe  
  110  8:48  Zealot x3  
  115  8:49  Probe  
  115  8:52  Disruptor  
  117  8:55  Probe  
  120  9:07  Stalker  
  120  9:08  Stalker x2  
  121  9:20  Stalker x3  
  127  9:25  Probe  
  123  9:36  Stalker  
  123  9:37  Stalker x2  
  110  9:43  Stalker x2  
Tags
 
Add a new tag
Caveats
  • Supply blocks, unpowered buildings, or Contaminate may cause inaccurate times.
  • Supply counts are checked every 10 seconds.